 Dungeon Crawl Stone Soup version 0.20.1-1-g8b1a95d (webtiles) character file.

39 karf the Shield-Bearer (level 3, -1/29 HPs)
             Began as a Formicid Fighter on Nov 2, 2017.
             Slain by an adder (3 damage)
             ... on level 2 of the Dungeon.
             The game lasted 00:02:54 (1082 turns).

karf the Shield-Bearer (Formicid Fighter)           Turns: 1082, Time: 00:02:55

Health: -1/29      AC: 11    Str: 21    XL:     3   Next: 67%
Magic:  3/3        EV:  4    Int: 17    God:
Gold:   70         SH:  9    Dex: 10    Spells: 2/2 levels left

rFire    . . .     SeeInvis +   p - +0 lajatang
rCold    . . .     Gourm    .   c - +0 shield
rNeg     . . .     Faith    .   g - +0 plate armour
rPois    .         Spirit   .   (helmet unavailable)
rElec    .         Reflect  .   (no cloak)
rCorr    .         Harm     .   (no gloves)
MR       .....                  (no boots)
Stlth    ..........             (no amulet)
Regen    0.1/turn               i - +5 ring of intelligence
MPRegen  0.1/turn               (no ring)

@: brilliant, lethally poisoned (-1 -> -5)
A: permanent stasis, dig shafts and tunnels, four strong arms, antennae 3
a: Dig, Shaft Self


You were on level 2 of the Dungeon.
You were not hungry.

You visited 1 branch of the dungeon, and saw 2 of its levels.

You collected 70 gold pieces.

Inventory:

Hand Weapons
 p - a +0 lajatang (weapon)
Armour
 b - a +0 scale mail
 c - a +0 shield (worn)
 g - a +0 plate armour (worn)
Jewellery
 i - a +5 ring of intelligence (left hand)
Wands
 n - a wand of flame (24/48)
Scrolls
 h - 2 scrolls of remove curse {unknown}
 j - a scroll of blinking {unknown}
 k - a scroll of identify {unknown}
Potions
 d - a potion of might
 l - a potion of agility {unknown}
 m - a potion of berserk rage {unknown}
 o - a potion of flight {unknown}
Comestibles
 a - a chunk of flesh
 f - 2 bread rations


   Skills:
 + Level 3.6 Fighting
   Level 2.5 Long Blades
 * Level 0.0 Staves
 + Level 3.6 Armour
 * Level 4.2 Shields


You had 2 spell levels left.
You didn't know any spells.

Dungeon Overview and Level Annotations

Branches:
Dungeon (2/15)

Altars:


Innate Abilities, Weirdness & Mutations

You cannot be hasted, slowed, berserked, paralysed or teleported.
You can dig through walls and to a lower floor.
Your four strong arms can wield two-handed weapons with a shield.
You have a pair of large antennae on your head. (SInv)


Message History

* * * LOW HITPOINT WARNING * * *
You are lethally poisoned!
The adder poisons you! The hobgoblin barely misses you.
The adder bites you but does no damage.
You barely miss the adder.
The adder is severely wounded.
* * * LOW HITPOINT WARNING * * *
You feel sick. You block the adder's attack. The hobgoblin hits you.
* * * LOW HITPOINT WARNING * * *
The adder bites you but does no damage.
The hobgoblin hits you but does no damage.
* * * LOW HITPOINT WARNING * * *
You feel sick.
The hobgoblin hits you but does no damage.
* * * LOW HITPOINT WARNING * * *
You feel sick. The adder bites you but does no damage.
It was a potion of brilliance.
You feel clever all of a sudden. The adder bites you.
You die...

.##.....)............#...#.......
..............####...............
...............# ##.#..#.........
...............###............#.#
...............#..............#.#
....................###.......#.#
..................#.# ##.....##.#
..................#.# #.......#.#
................@##.###.......#.#
...............gS##).##.......#.#
##........#......###.##.....<##
#..#.............# #....#...##
...................#.^.##.###
...................#...##.#
...................#...#..# ..
...........#.....##
..?........#....##


You could see an adder and a hobgoblin.

Vanquished Creatures
  A worm (D:2)
  3 dart slugs
  2 ball pythons (D:1)
  A giant cockroach (D:2)
  3 goblins (D:1)
  2 hobgoblins
  3 jackals (D:1)
  5 kobolds (D:1)
  4 bats
  A frilled lizard (D:1)
  3 rats (D:1)
28 creatures vanquished.

Notes
Turn   | Place    | Note
-------+----------+-------------------------------------------
     0 | D:1      | karf the Formicid Fighter began the quest for the Orb.
     0 | D:1      | Reached XP level 1. HP: 18/18 MP: 1/1
    87 | D:1      | Reached XP level 2. HP: 24/24 MP: 2/2
   419 | D:1      | Reached XP level 3. HP: 26/29 MP: 3/3
   492 | D:1      | Reached skill level 4 in Shields
  1082 | D:2      | Slain by an adder

Skill      XL: |  1  2  3 |
---------------+----------+-----
Shields        | 4 |  4.2
Fighting       | |  3.6
Long Blades    | |  2.5
Armour         | |  3.6

Action                   || total
-------------------------++-------
Melee: Long sword        ||    92
       Lajatang          ||    27
  Use: Potion            ||     1
  Eat: Chunk             ||     1
Armor: Scale mail        ||    41
       Plate armour      ||    46
Dodge: Dodged            ||    33
Block: Shield            ||    84
       Rpst.: Long sword ||     8
